Map: Frozen Temple

Players

ShoWTimE

  • Race: Protoss Protoss

Neeb - Winner!

  • Race: Protoss Protoss
  • League: Diamond

Event: IEM Season 11 - Shanghai

VOD

https://www.youtube.com/watch?v=t7V3qET7u38

Description

Time

  • Played on: July 29, 2016, 9:35 a.m.
  • Length: 13:50

All games in this series

Show
View Real Time Build Order
Export as new Build Order

ShoWTimE Protoss 

Build Orders:  

Get SALT Encoding   

  12  0:00  Probe (Chrono Boost)  
  13  0:11  Probe (Chrono Boost)  
  14  0:18  Pylon  
  14  0:22  Probe (Chrono Boost)  
  15  0:36  Probe (Chrono Boost)  
  15  0:37  Gateway  
  16  0:44  Assimilator  
  16  0:47  Probe (Chrono Boost)  
  17  0:53  Assimilator  
  17  0:58  Probe (Chrono Boost)  
  18  1:04  Gateway  
  18  1:08  Probe (Chrono Boost)  
  19  1:19  Probe (Chrono Boost)  
  19  1:24  Cybernetics Core  
  20  1:29  Probe (Chrono Boost)  
  20  1:32  Pylon  
  21  1:40  Probe (Chrono Boost)  
  22  1:52  Probe (Chrono Boost)  
  23  1:55  Warp Gate  
  23  1:59  Adept x2  
  27  2:06  Mothership Core (Chrono Boost)  
  29  2:09  Pylon  
  29  2:26  Stalker  
  29  2:27  Stalker  
  33  2:50  Nexus  
  33  2:59  Sentry  
  35  3:11  Probe (Chrono Boost)  
  35  3:12  Robotics Facility  
  36  3:17  Pylon  
  34  3:20  Sentry  
  37  3:27  Probe (Chrono Boost)  
  35  3:37  Gateway  
  35  3:39  Probe (Chrono Boost)  
  36  3:49  Probe (Chrono Boost)  
  36  3:54  Warp Prism  
  37  4:01  Probe (Chrono Boost)  
  37  4:02  Probe (Chrono Boost)  
  41  4:12  Probe (Chrono Boost), Adept, Phoenix  
  41  4:13  Probe (Chrono Boost), Adept  
  47  4:23  Probe (Chrono Boost)  
  49  4:25  Twilight Council, Probe (Chrono Boost)  
  49  4:30  Observer  
  49  4:33  Probe (Chrono Boost)  
  49  4:37  Probe (Chrono Boost)  
  52  4:43  Adept x2  
  52  4:44  Probe (Chrono Boost)  
  57  4:49  Pylon  
  57  4:50  Probe (Chrono Boost)  
  57  4:52  Resonating Glaives  
  58  4:54  Probe (Chrono Boost)  
  59  5:02  Immortal  
  59  5:05  Probe (Chrono Boost)  
  60  5:08  Probe (Chrono Boost)  
  65  5:15  Pylon  
  65  5:16  Assimilator  
  65  5:19  Probe (Chrono Boost)  
  66  5:29  Gateway  
  66  5:31  Gateway  
  66  5:33  Gateway  
  66  5:36  Gateway  
  66  5:42  Immortal  
  68  5:51  Adept x2  
  68  5:53  Adept  
  68  5:57  Pylon  
  74  6:02  Pylon  
  74  6:15  Adept  
  76  6:19  Nexus  
  76  6:22  Pylon  
  76  6:23  Phoenix  
  76  6:42  Adept x3, Pylon  
  76  6:43  Adept x3  
  88  6:49  Adept  
  90  6:54  Pylon  
  90  7:03  Adept x2  
  90  7:04  Adept x2  
  98  7:13  Immortal, Dark Shrine  
  99  7:23  Adept  
  100  7:31  Probe x2 (Chrono Boost)  
  100  7:34  Probe (Chrono Boost)  
  101  7:43  Probe (Chrono Boost)  
  103  7:44  Probe (Chrono Boost)  
  103  7:45  Probe (Chrono Boost)  
  103  7:46  Adept x3  
  110  7:55  Probe (Chrono Boost)  
  110  7:56  Probe (Chrono Boost)  
  110  7:57  Probe (Chrono Boost)  
  111  8:08  Probe x3 (Chrono Boost)  
  111  8:12  Forge  
  114  8:13  Stalker x2  
  114  8:15  Adept  
  119  8:26  Dark Templar x2  
  123  8:31  Dark Templar x2, Archon  
  127  8:36  Pylon  
  127  8:37  Archon  
  124  8:44  Protoss Ground Weapons Level 1  
  124  8:47  Dark Templar x2  
  128  8:51  Archon  
  128  8:58  Adept x2  
  128  9:01  Pylon  
  132  9:09  Adept x2  
  136  9:18  Adept x2  
  128  9:24  Dark Templar  
  128  9:26  Zealot x2  
  134  9:35  Pylon  
  134  9:36  Pylon  
  134  9:38  Adept x2  
  134  9:45  Probe x2 (Chrono Boost)  
  137  9:47  Adept x3  
  143  9:54  Probe (Chrono Boost)  
  143  9:57  Probe x2 (Chrono Boost)  
  143  9:58  Pylon  
  146  10:13  Dark Templar x2  
  146  10:14  Adept  
  152  10:17  Adept  
  152  10:19  Archon  
  154  10:27  Adept x3  
  160  10:30  Protoss Ground Weapons Level 2  
  160  10:41  Assimilator  
  160  10:43  Assimilator  
  160  10:45  Pylon  
  160  10:58  Pylon  
  160  10:59  Pylon  
  160  11:00  Dark Templar  
  162  11:12  Adept x3  
  162  11:13  Adept x2  
  172  11:22  Adept  
  169  11:32  Adept x3  
  166  11:33  Adept  
  166  11:34  Probe (Chrono Boost)  
  166  11:35  Probe x2 (Chrono Boost)  
  163  11:55  Adept x4  
  171  12:05  Dark Templar  
  171  12:06  Adept x2  
  177  12:16  Dark Templar  
  177  12:17  Archon  
  177  12:27  Observer  
  176  12:44  Dark Templar  
  176  12:45  Dark Templar x3  
  176  12:46  Adept x2  
  176  12:49  Archon x2  
  176  12:50  Adept  
  190  12:54  Pylon  
  174  13:14  Adept x3  
  174  13:17  Dark Templar x2, Adept x2  
  67  13:39  Dark Templar  
  67  13:40  Dark Templar  
  51  13:43  Adept x3  
Show
View Real Time Build Order
Export as new Build Order

Neeb Protoss - Winner!

Build Orders: Zealot Archon 

Get SALT Encoding   

  12  0:00  Probe (Chrono Boost)  
  13  0:11  Probe (Chrono Boost)  
  14  0:18  Pylon  
  14  0:22  Probe (Chrono Boost)  
  15  0:36  Probe (Chrono Boost)  
  15  0:37  Gateway  
  16  0:46  Probe (Chrono Boost)  
  17  0:52  Assimilator  
  17  0:53  Assimilator  
  18  0:57  Probe (Chrono Boost)  
  18  1:07  Probe (Chrono Boost)  
  18  1:08  Gateway  
  19  1:18  Probe (Chrono Boost)  
  20  1:24  Cybernetics Core  
  20  1:29  Probe (Chrono Boost)  
  21  1:39  Probe (Chrono Boost)  
  22  1:40  Pylon  
  22  1:50  Probe (Chrono Boost)  
  22  1:51  Warp Gate  
  23  2:05  Probe (Chrono Boost)  
  30  2:19  Mothership Core (Chrono Boost)  
  30  2:21  Nexus  
  26  2:29  Stalker  
  28  2:37  Stalker  
  29  2:44  Pylon  
  29  2:49  Probe (Chrono Boost)  
  30  3:01  Probe (Chrono Boost)  
  29  3:11  Probe (Chrono Boost)  
  29  3:12  Sentry x2  
  32  3:22  Probe (Chrono Boost)  
  33  3:28  Robotics Facility  
  33  3:33  Probe (Chrono Boost)  
  35  3:34  Probe (Chrono Boost)  
  35  3:43  Probe (Chrono Boost)  
  35  3:44  Probe (Chrono Boost)  
  35  3:45  Twilight Council  
  37  3:51  Pylon  
  37  3:54  Probe (Chrono Boost)  
  38  3:58  Probe (Chrono Boost)  
  39  4:05  Probe (Chrono Boost)  
  39  4:08  Probe (Chrono Boost)  
  41  4:13  Adept, Resonating Glaives  
  41  4:14  Observer  
  41  4:15  Adept  
  41  4:16  Probe (Chrono Boost)  
  47  4:21  Probe (Chrono Boost)  
  48  4:28  Probe (Chrono Boost)  
  49  4:31  Pylon  
  49  4:37  Immortal  
  51  4:40  Probe (Chrono Boost)  
  55  4:46  Probe (Chrono Boost)  
  55  4:49  Stalker  
  58  4:54  Probe (Chrono Boost)  
  58  4:57  Forge  
  59  5:01  Probe (Chrono Boost)  
  59  5:05  Adept  
  62  5:07  Probe (Chrono Boost)  
  62  5:12  Assimilator  
  62  5:13  Probe (Chrono Boost)  
  63  5:15  Protoss Ground Weapons Level 1  
  63  5:19  Probe (Chrono Boost)  
  63  5:25  Probe (Chrono Boost)  
  63  5:27  Pylon  
  67  5:29  Warp Prism  
  67  5:32  Probe (Chrono Boost)  
  66  5:38  Probe (Chrono Boost)  
  66  5:42  Gateway  
  67  5:48  Probe (Chrono Boost)  
  67  5:49  Gateway  
  66  5:52  Gateway  
  66  5:53  Probe (Chrono Boost)  
  67  5:57  Sentry  
  67  5:58  Gateway  
  67  6:01  Immortal  
  73  6:14  Probe x2 (Chrono Boost)  
  73  6:17  Pylon, Assimilator  
  75  6:26  Adept, Templar Archives  
  77  6:35  Pylon  
  77  6:39  Adept x2  
  80  6:43  Probe x2 (Chrono Boost)  
  82  6:48  Immortal  
  82  6:49  Adept x2  
  86  7:16  Protoss Ground Weapons Level 2, High Templar x2, Adept x2  
  86  7:21  Nexus  
  94  7:23  Pylon  
  94  7:35  Pylon  
  94  7:36  Probe (Chrono Boost), Pylon  
  92  7:38  Archon, Pylon  
  92  7:41  Immortal  
  94  7:59  Adept x3  
  94  8:01  Nexus  
  97  8:12  High Templar x2  
  101  8:20  Archon  
  101  8:21  Adept x4  
  101  8:24  Probe x2 (Chrono Boost)  
  101  8:25  Pylon  
  111  8:36  Probe (Chrono Boost)  
  112  8:49  Pylon  
  112  8:50  Adept x6  
  118  9:13  Adept  
  118  9:14  Adept x3  
  117  9:26  Probe (Chrono Boost)  
  117  9:27  Probe (Chrono Boost)  
  119  9:41  Probe (Chrono Boost)  
  119  9:43  High Templar x2  
  119  9:44  Adept x4  
  128  9:49  Probe (Chrono Boost)  
  128  9:50  Probe (Chrono Boost)  
  131  9:53  Probe (Chrono Boost)  
  131  9:57  Pylon  
  131  9:59  Archon  
  131  10:09  Probe (Chrono Boost)  
  131  10:11  Probe x2 (Chrono Boost), Adept x3  
  140  10:15  Protoss Ground Weapons Level 3  
  140  10:22  Probe (Chrono Boost)  
  140  10:23  Probe (Chrono Boost)  
  140  10:24  Probe (Chrono Boost)  
  141  10:38  High Templar x2  
  141  10:41  Adept, Pylon  
  141  10:42  Archon  
  147  10:43  Photon Cannon  
  147  10:46  Adept x2  
  147  10:48  Probe (Chrono Boost)  
  147  10:49  Probe x2 (Chrono Boost)  
  154  10:56  Adept  
  156  11:05  Adept  
  156  11:08  Pylon  
  158  11:13  Adept x3, Gateway  
  158  11:15  Observer  
  158  11:16  Gateway  
  163  11:25  Photon Cannon  
  161  11:34  Probe x2 (Chrono Boost)  
  161  11:36  Observer  
  158  11:42  Adept  
  158  11:43  Adept x2  
  164  11:52  Adept x3  
  168  12:08  Pylon  
  168  12:10  Pylon  
  168  12:14  Adept  
  168  12:15  Adept  
  172  12:21  Photon Cannon  
  170  12:37  Nexus  
  170  12:39  Pylon  
  170  12:40  Pylon  
  170  12:43  Pylon x2  
  170  12:44  Pylon  
  170  13:03  Adept x3  
  170  13:04  Adept x3  
  182  13:09  Adept  
  152  13:25  Adept x2  
  120  13:32  High Templar x3  
  120  13:34  High Templar  
  109  13:38  Archon  
  109  13:41  Archon  
  109  13:43  Adept  

Tags
 
Add a new tag
Caveats
  • Supply blocks, unpowered buildings, or Contaminate may cause inaccurate times.
  • Supply counts are checked every 10 seconds.